 Dungeon Crawl Stone Soup version 0.31-a0-426-g3a05650e59 (webtiles) character file.

Game seed: 604071813921710064

4509 Ofeo the Covert (level 10, -8/64 HPs)
             Began as a Kobold Brigand on July 30, 2023.
             Was an Initiate of Wu Jian.
             Mangled by a two-headed ogre
             ... wielding a +0 giant spiked club
              (15 damage)
             ... on level 8 of the Dungeon.
             The game lasted 00:12:33 (10440 turns).

Ofeo the Covert (Kobold Brigand)                   Turns: 10440, Time: 00:12:34

Health: -8/64      AC: 11    Str:  9    XL:     10   Next: 65%
Magic:  10/10      EV: 19    Int: 13    God:    Wu Jian [......]
Gold:   348        SH:  0    Dex: 20    Spells: 9/9 levels left

rFire   . . .        a - +5 short sword (venom)
rCold   + . .        (no shield)
rNeg    + . .        y - +2 leather armour {rPois}
rPois   +            j - +1 helmet
rElec   .            c - +0 cloak
rCorr   .            o - +2 pair of gloves
SInv    .            (no boots)
Will    .....        (no amulet)
Stlth   ++++++       k - ring of positive energy
HPRegen 0.30/turn    p - ring of protection from cold
MPRegen 0.12/turn

%: no passive effects
@: about to teleport
A: small, no large weapons, nightstalker 3
a: Renounce Religion


You were on level 8 of the Dungeon.
You worshipped Wu Jian.
Wu Jian was noncommittal.
You visited 2 branches of the dungeon, and saw 9 of its levels.

You collected 348 gold pieces.

Inventory:

Hand Weapons
 a - a +5 short sword of venom (weapon)
 v - a +0 rapier
 w - the +4 dagger "Macseff" {pain, *Rage rF+ Str+2 Dex+2 Stlth+}
   (You found it on level 3 of the Dungeon)

   Str:       It affects your strength (+2).
   Dex:       It affects your dexterity (+2).
   rF:        It protects you from fire.
   *Rage:     It berserks you when you make melee attacks (+20% chance).
   Stlth:     It makes you more stealthy.
Missiles
 d - 29 poisoned darts (quivered)
 e - 3 curare-tipped darts
Armour
 b - a +0 robe
 c - a +0 cloak (worn)
 j - a +1 helmet (worn)
 o - a +2 pair of gloves (worn)
 t - a +0 ring mail
 y - a +2 leather armour of poison resistance (worn)
Jewellery
 k - a ring of positive energy (left hand)
 p - a ring of protection from cold (right hand)
Scrolls
 g - 2 scrolls of immolation
 i - 2 scrolls of identify {@r1}
 n - a scroll of poison
 z - 2 scrolls of teleportation {@r3}
 B - a scroll of blinking {@r4}
 C - a scroll of enchant weapon
 D - a scroll of vulnerability {unknown}
 E - a scroll of fog {unknown}
 F - a scroll of revelation
Potions
 f - 2 potions of lignification
 h - 4 potions of heal wounds {@q2}
 l - a potion of haste {@q3}
 m - a potion of resistance {unknown}
 q - 4 potions of curing {@q1}
 r - 2 potions of mutation {unknown}
 s - a potion of degeneration {unknown}
 u - a potion of enlightenment {unknown}
 x - a potion of invisibility {unknown}
 A - a potion of might {unknown}


   Skills:
 + Level 8.0 Fighting
 + Level 9.5 Short Blades
 - Level 6.0 Throwing
 + Level 8.4 Dodging
 + Level 11.3 Stealth


You had 9 spell levels left.
You didn't know any spells.
Your spell library contained the following spells:

 Spells                   Type           Power      Damage    Failure   Level
 Freeze                   Ice            0%         1d3       41%         1
 Necrotise                Necr           0%         1d4       41%         1
 Shock                    Conj/Air       0%         1d3       41%         1
 Cigotuvi's Dreadful Rot  Necr/Pois/Air  0%         N/A       54%         2
 Ensorcelled Hibernation  Hex/Ice        0%         N/A       54%         2
 Passwall                 Tmut/Erth      0%         N/A       54%         2
 Frozen Ramparts          Ice            0%         1d1       78%         3
 Hailstorm                Conj/Ice       0%         3d3       78%         3
 Swiftness                Air            0%         N/A       78%         3
 Vampiric Draining        Necr           0%         2d6       78%         3
 Airstrike                Air            0%         2d(0-16)  99%         4
 Dispel Undead            Necr           0%         3d6       99%         4
 Agony                    Necr           0%         N/A       100%        5
 Iskenderun's Battlesphe  Conj           0%         2d6       100%        5
 Death Channel            Necr           0%         N/A       100%        6
 Leda's Unmaking          Conj/Erth      0%         9d1       100%        6
 Spellforged Servitor     Conj/Summ      0%         N/A       100%        7


Dungeon Overview and Level Annotations

Branches:
Dungeon (8/15)             Temple (1/1) D:6
   Lair: D:8-11

Altars:
Ashenzari
Cheibriados
Dithmenos
Elyvilon
Fedhas
Gozag
Kikubaaqudgha
Makhleb
Nemelex Xobeh
Okawaru
Qazlal
Ru
Sif Muna
Trog
Uskayaw
Vehumet
Wu Jian
The Shining One

Shops:
D:6 *

Annotations:
D:3 2 transporters
D:6 1 runed translucent door, exclusion: statue, Crazy Yiuf
D:8 3 runed translucent doors, GrumpyGrim72's ghost, novice OpCj; LeprechaunX's ghost, novice OpSh; Likado's ghost, novice AtRe; ithink's ghost, novice HOFi


Innate Abilities, Weirdness & Mutations

You are small and have problems with some larger weapons.
You are completely attuned to the shadows.


Message History

a +0 dagger of draining; a +0 robe; an orc corpse No target in view!
No target in view!
No target in view!
No target in view!
No target in view!
Things that are here:
a +0 hand axe; an orc corpse
Things that are here:
a +0 dagger; a +0 robe
There is an open door here.
There is an open door here.
A two-headed ogre is nearby!
A two-headed ogre is nearby!
A two-headed ogre is nearby!
You lunge at the two-headed ogre, in a flurry of attacks.
The two-headed ogre shouts in stereo!
You hit the two-headed ogre.
The two-headed ogre is poisoned.
The two-headed ogre is lightly wounded.
You hit the two-headed ogre but do no damage.
The two-headed ogre is lightly wounded.
The two-headed ogre hits you with a +0 giant spiked club!
The two-headed ogre completely misses you.
You take 13 damage, and have 51/64 hp.
MASSIVE DAMAGE!!
You barely miss the two-headed ogre.
The two-headed ogre is lightly wounded.
The two-headed ogre hits you with a +0 giant spiked club.
The two-headed ogre hits you with a +0 giant club!
You take 13 damage, and have 38/64 hp.
MASSIVE DAMAGE!!
You hit the two-headed ogre.
The two-headed ogre looks as sick as possible!
The two-headed ogre is lightly wounded.
Okay, then.
As you read the scroll of teleportation {@r3}, it crumbles to dust.
You feel strangely unstable.
The two-headed ogre hits you with a +0 giant spiked club!!
Ouch! That really hurt!
* * * LOW HITPOINT WARNING * * *
The two-headed ogre hits you with a +0 giant club!
You die...

)#.###...########.#####
.......................
...###...########......
.....#...# #...... ...#.)...#
#...... ...###...## #####......
#### #....###..........
######.............#####
...........##..O@..#...#
######.###.........#...#########
######.#...........'...'.))))...
.......#.#####.#####...#########
.........# #..## #...#.....
#######..# ##..# #####.....
######..#######.### #.....
#.................#####.....
#.###..###........#...'.....


You could see a two-headed ogre (extremely poisoned).

Vanquished Creatures
  Joseph (D:7)
  Prince Ribbit (D:8)
  2 wyverns
  Eustachio (D:6)
  A steam dragon (D:8)
  An orc warrior (D:8)
  4 water moccasins
  A sky beast (D:7)
  4 black bears
  2 ice beasts
  An ogre (D:7)
  2 centaurs (D:8)
  4 phantoms
  A kobold brigand (D:8)
  3 bullfrogs
  2 scorpions
  4 wights (D:8)
  4 killer bees (D:7)
  A water moccasin skeleton (D:3)
  A howler monkey (D:6)
  5 hounds
  3 orc priests
  A sleepcap (D:5)
  8 orc wizards
  Natasha (D:3)
  5 iguanas
  2 hound zombies (D:3)
  6 gnolls
  6 adders
  2 shadow imps (D:5)
  A white imp (D:6)
  2 ufetubi
  A worm (D:2)
  The ghost of drugrobin the Sneak, a weakling DgDe (D:5)
  2 dart slugs
  35 orcs
  4 endoplasms
  2 giant cockroaches
  6 goblins
  4 hobgoblins
  2 jackals (D:1)
  9 kobolds
  A quokka (D:5)
  4 ball pythons
  A ball python skeleton (D:3)
  4 bats
  6 frilled lizards
  A quokka zombie (D:3)
  3 rats
  A spectral jackal (D:3)
170 creatures vanquished.

Notes
Turn   | Place    | Note
-------+----------+-------------------------------------------
     0 | D:1      | Ofeo the Kobold Brigand began the quest for the Orb.
     0 | D:1      | Reached XP level 1. HP: 12/12 MP: 1/1
   165 | D:1      | Reached XP level 2. HP: 11/18 MP: 2/2
  1413 | D:2      | Reached XP level 3. HP: 22/22 MP: 3/3
  1441 | D:2      | Found a shimmering blue altar of Sif Muna.
  1631 | D:2      | Reached XP level 4. HP: 7/27 MP: 4/4
  2350 | D:3      | Reached skill level 6 in Stealth
  2350 | D:3      | Reached XP level 5. HP: 32/32 MP: 5/5
  2655 | D:3      | Found a transporter.
  2681 | D:3      | Found a transporter.
  2835 | D:3      | Reached XP level 6. HP: 14/37 MP: 6/6
  2981 | D:3      | Found a faded altar of an unknown god.
  3741 | D:3      | Noticed Natasha
  3866 | D:3      | Killed Natasha
  3961 | D:3      | Identified the +4 dagger "Macseff" {pain, *Rage rF+ Str+2
                  | Dex+2 Stlth+}
  4185 | D:4      | Noticed a black bear
  4191 | D:4      | Killed a black bear
  4192 | D:4      | Reached XP level 7. HP: 41/43 MP: 7/7
  4256 | D:4      | Reached skill level 7 in Stealth
  4305 | D:4      | Reached skill level 5 in Short Blades
  4631 | D:4      | Found a shadowy altar of Dithmenos.
  4844 | D:4      | Found a broken altar of Ashenzari.
  4873 | D:5      | Entered Level 5 of the Dungeon
  5306 | D:5      | Reached XP level 8. HP: 48/48 MP: 8/8
  5360 | D:5      | Found a runed translucent gate.
  5360 | D:5      | Found a runed translucent gate.
  5360 | D:5      | Found a runed translucent gate.
  5724 | D:5      | Reached skill level 5 in Dodging
  5789 | D:5      | You fall into a shaft and drop 1 floor!
  5802 | D:6      | Reached skill level 5 in Fighting
  5802 | D:6      | Reached skill level 5 in Throwing
  5802 | D:6      | Reached skill level 8 in Stealth
  6052 | D:5      | Noticed drugrobin's ghost (weakling DgDe)
  6453 | D:5      | Reached XP level 9. HP: 51/54 MP: 9/9
  6479 | D:5      | Killed drugrobin's ghost
  6673 | D:6      | Found Jass's CLEARANCE SALE!.
  6714 | D:6      | Found a sacrificial altar of Ru.
  7073 | D:6      | Noticed Eustachio
  7075 | D:6      | Killed Eustachio
  7076 | D:6      | Reached skill level 9 in Stealth
  7249 | D:6      | Found a radiant altar of Vehumet.
  7331 | D:6      | Found a staircase to the Ecumenical Temple.
  7427 | Temple   | Entered the Ecumenical Temple
  7439 | Temple   | Became a worshipper of the Wu Jian Council
  7789 | D:6      | Found an opulent altar of Gozag.
  7882 | D:6      | Found a runed translucent door.
  7885 | D:6      | Noticed Crazy Yiuf
  8242 | D:7      | Found an iron altar of Okawaru.
  8267 | D:7      | Found a sparkling altar of Nemelex Xobeh.
  8282 | D:7      | Reached skill level 10 in Stealth
  8359 | D:7      | Found an ancient bone altar of Kikubaaqudgha.
  8359 | D:7      | Found a bloodstained altar of Trog.
  8745 | D:7      | Reached XP level 10. HP: 61/61 MP: 10/10
  8810 | D:7      | Noticed Joseph
  8817 | D:7      | Killed Joseph
  9028 | D:7      | Found a stormy altar of Qazlal.
  9050 | D:8      | Found a runed translucent gate.
  9050 | D:8      | Found a runed translucent gate.
  9051 | D:8      | Found a runed translucent gate.
  9054 | D:8      | Noticed LeprechaunX's ghost (novice OpSh)
  9054 | D:8      | Noticed Likado's ghost (novice AtRe)
  9056 | D:8      | Noticed ithink's ghost (novice HOFi)
  9076 | D:8      | Noticed GrumpyGrim72's ghost (novice OpCj)
  9430 | D:8      | Noticed a two-headed ogre
 10008 | D:8      | Reached skill level 11 in Stealth
 10405 | D:8      | Noticed Prince Ribbit
 10408 | D:8      | Killed Prince Ribbit
 10440 | D:8      | Mangled by a two-headed ogre

Illustrated notes

Levels and vault maps discovered:
D:1:      dpeg_arrival_rooms_c, layout_loops_corners, minmay_pentomino_s4
D:2:      layout_basic, basic_altar
D:3:      gammafunk_wand_slinger, layout_basic,
          shapermc_ecumenical_altar_ellora, dilly_guarded_unrand_morg
D:4:      layout_cave_pools, mainiacjoe_overflow_big_doors
D:5:      layout_loops_ring, gammafunk_ghost_split
D:6:      layout_loops_ring, mainiacjoe_overflow_boulevard, vehumet_statue,
          grunt_gozag_breadcrumbs, minmay_temple_entry_poolview,
          nicolae_shop_clearance, uniq_eustachio, uniq_crazy_yiuf_cottage
D:7:      layout_cave_pods, gammafunk_temple_overflow_elements,
          mainiacjoe_overflow_large_starburst,
          mainiacjoe_overflow_six_doors_small, uniq_joseph
D:8:      layout_basic, nicolae_hepliaklqana_hazy_memory, marbit_many_paths,
          gammafunk_ghost_cemetery, uniq_prince_ribbit1
Temple:   nicolae_temple_bog_church

Skill      XL: |  1  2  3  4  5  6  7  8  9 10 |
---------------+-------------------------------+-----
Short Blades   | 3 4 5 6 8 9 |  9.5
Dodging        | 2 3 4 5 7 8 |  8.4
Fighting       | 3 4 5 6 8 |  8.0
Throwing       | 3 4 5 6 |  6.0
Stealth        | 6 7 8 10 11 | 11.3

Action                     |  1- 3 |  4- 6 |  7- 9 | 10-12 || total
---------------------------+-------+-------+-------+-------++-------
  Melee: Dagger            |    19 |       |       |       ||    19
         Punch             |     1 |       |     8 |     2 ||    11
         Short sword       |    20 |   148 |   277 |    91 ||   536
  Throw: Dart              |     9 |     2 |     8 |       ||    19
Ability: Lunge             |       |       |     2 |    15 ||    17
    Use: Scroll            |     3 |     2 |    10 |     1 ||    16
   Stab: Sleeping          |     8 |     7 |    15 |    12 ||    42
         Distracted        |       |       |     3 |       ||     3
 Armour: Robe              |    13 |     8 |       |       ||    21
         Ring mail         |       |    46 |    53 |       ||    99
         Leather armour    |       |       |     8 |    11 ||    19
  Dodge: Dodged            |    48 |    82 |   157 |    44 ||   331

Table legend: (Time is in decaauts)
 A = Elapsed time spent in this place.
 B = Non-inter-level travel time spent in this place.
 C = Inter-level travel time spent in this place.
 D = Time resting spent in this place.
 E = Time spent auto-exploring this place.
 F = Levels seen in this place.
 G = Mean time per level.
                   A        B        C        D        E       F      G
               +--------+--------+--------+--------+--------+-----+--------+
         Total |  10283 |   9871 |    412 |   1302 |   7255 |   9 | 1142.6 |
       Dungeon |  10258 |   9869 |    389 |   1302 |   7255 |   8 | 1282.2 |
        Temple |     24 |      1 |     23 |      0 |      0 |   1 |   24.0 |
               +--------+--------+--------+--------+--------+-----+--------+

Top non-repeatable levels by time:
     D:5: 1710 daAuts
     D:3: 1679 daAuts
     D:1: 1399 daAuts
     D:8: 1368 daAuts
     D:6: 1241 daAuts
     D:7: 1114 daAuts
     D:2: 904 daAuts
     D:4: 840 daAuts
  Temple: 24 daAuts
